 Dungeon Crawl Stone Soup version 0.27.1 (webtiles) character file.

Game seed: 12856492997587021544

155767 cummra the Geomancer (level 17, -9/102 HPs)
             Began as a Gargoyle Earth Elementalist on Sept 3, 2021.
             Was a High Priest of Vehumet.
             Splashed with acid (12 damage)
             ... on level 1 of the Pits of Slime.
             The game lasted 02:20:13 (37935 turns).

cummra the Geomancer (Gargoyle Earth Elementalist) Turns: 37935, Time: 02:20:14

Health: -9/102     AC: 30    Str: 12    XL:     17   Next: 36%
Magic:  28/28      EV: 14    Int: 25    God:    Vehumet [*****.]
Gold:   2522       SH:  5    Dex: 10    Spells: 10/37 levels left

rFire    + . .     SeeInvis .   b - staff of earth
rCold    . . .     Faith    .   (no shield)
rNeg     + . .     Spirit   .   K - +0 robe "Leoliemp" {rElec Will+ Archmagi}
rPois    ∞         Reflect  +   q - +2 hat
rElec    +         Harm     .   w - +2 cloak {Stlth+}
rCorr    .         Rampage  .   (no gloves)
Will     ++...     Archmagi +   x - +0 pair of boots
Stlth    ++++......             u - amulet of Makhleb's Envy {Reflect rF+ Int+2 Slay+4 SH+5 Stlth+}
HPRegen  0.27/turn              n - +4 ring of protection
MPRegen  0.21/turn              d - +4 ring of protection

@: flying
A: sickness immunity, AC +12, big wings, negative energy resistance 1,
electricity resistance, torment resistance 1, petrification resistance,
deterioration 1, low mp 1
}: 1/15 runes: decaying
a: Renounce Religion


You were on level 1 of the Pits of Slime.
You worshipped Vehumet.
Vehumet was extremely pleased with you.
You visited 6 branches of the dungeon, and saw 26 of its levels.
You also visited: Sewer and Ossuary.

You collected 2854 gold pieces.
You spent 332 gold pieces at shops.

Inventory:

Hand Weapons
 p - the +4 dire flail of Moderation {drain, rF+ Int+4 Dex+3}
   (You found it on level 1 of the Swamp)

   A truly terrible weapon, it drains the life of any living foe it strikes.
   Int:       It affects your intelligence (+4).
   Dex:       It affects your dexterity (+3).
   rF:        It protects you from fire.
Missiles
 A - 138 stones
Armour
 k - a +1 robe of cold resistance
 q - a +2 hat (worn)
 w - a +2 cloak of stealth (worn)
 x - a +0 pair of boots (worn)
 K - the +0 robe "Leoliemp" (worn) {rElec Will+ Archmagi}
   (You found it on level 5 of the Lair of Beasts)

   rElec:     It insulates you from electricity.
   Archmagi:  It increases the power of your magical spells.
   Will:      It increases your willpower.
Magical Staves
 b - a staff of earth (weapon)
Jewellery
 d - a +4 ring of protection (right hand)
 g - a ring of protection from cold
 j - an amulet of the acrobat
 n - a +4 ring of protection (left hand)
 u - the amulet of Makhleb's Envy (around neck) {Reflect rF+ Int+2 Slay+4 SH+5 Stlth+}
   (You found it in an ossuary)

   [amulet of reflection]

   It reflects blocked missile attacks.
   Int:       It affects your intelligence (+2).
   Slay:      It affects your accuracy & damage with ranged weapons and melee
   (+4).
   rF:        It protects you from fire.
   SH:        It affects your SH (+5).
   Stlth:     It makes you more stealthy.
Wands
 l - a wand of flame (35)
 G - a wand of acid (2)
 I - a wand of digging (10)
Scrolls
 f - 2 scrolls of magic mapping
 h - 6 scrolls of teleportation
 o - a scroll of fear
 r - a scroll of brand weapon
 y - 3 scrolls of holy word
 z - 4 scrolls of enchant armour
 B - 4 scrolls of blinking
 D - 5 scrolls of amnesia
 F - 9 scrolls of identify
 H - 4 scrolls of fog
 J - 2 scrolls of immolation
Potions
 a - 3 potions of ambrosia
 c - 2 potions of cancellation
 e - 6 potions of might
 i - 11 potions of curing
 m - 3 potions of magic
 s - 5 potions of haste
 t - a potion of brilliance
 v - a potion of heal wounds
 E - a potion of resistance


   Skills:
 + Level 10.2 Fighting
 + Level 9.5 Maces & Flails
 + Level 10.2 Armour
 + Level 8.0 Dodging
 - Level 2.1 Stealth
 + Level 10.7 Spellcasting
 + Level 13.0 Conjurations
 - Level 8.3 Transmutations
 + Level 7.7 Fire Magic
 + Level 13.5 Earth Magic
 + Level 8.7 Evocations


You had 10 spell levels left.
You knew the following spells:

 Your Spells              Type           Power      Damage    Failure   Level
a - Sandblast             Erth           100%       2d20      0%          1
b - Stone Arrow           Conj/Erth      100%       3d13      1%          3
c - Sticky Flame          Conj/Fire      78%        2d9       1%          4
d - Conjure Flame         Conj/Fire      78%        6-21      1%          3
e - Bolt of Magma         Conj/Fire/Erth 51%        4d21      1%          5
f - Iron Shot             Conj/Erth      54%        9d10      1%          6
g - Lee's Rapid Deconstr  Erth           55%        3d27*     1%          5

Your spell library contained the following spells:

 Spells                   Type           Power      Damage    Failure   Level
 Beastly Appendage        Tmut           100%       N/A       1%          1
 Passwall                 Tmut/Erth      84%        N/A       1%          2
 Wereblood                Tmut           70%        N/A       1%          2
 Ignite Poison            Fire/Tmut/Pois 57%        N/A       1%          3
 Petrify                  Tmut/Erth      100%       N/A       1%          4
 Spider Form              Tmut/Pois      25%        N/A       2%          3
 Animate Skeleton         Necr           40%        N/A       4%          1
 Apportation              Tloc           40%        N/A       4%          1
 Corona                   Hex            22%        N/A       4%          1
 Summon Small Mammal      Summ           80%        N/A       4%          1
 Blade Hands              Tmut           35%        N/A       4%          5
 Gell's Gravitas          Tloc           10%        N/A       14%         3
 Lesser Beckoning         Tloc           10%        N/A       14%         3
 Portal Projectile        Hex/Tloc       40%        N/A       14%         3
 Teleport Other           Tloc           20%        N/A       14%         3
 Lehudib's Crystal Spear  Conj/Erth      54%        10d13     32%         8
 Passage of Golubria      Tloc           N/A        N/A       41%         4
 Excruciating Wounds      Necr           10%        N/A       77%         5
 Silence                  Hex/Air        10%        N/A       77%         5


Dungeon Overview and Level Annotations

Branches:
Dungeon (10/15)            Temple (1/1) D:5            Lair (6/6) D:10
  Swamp (4/4) Lair:4        Snake (0/4) Lair:4        Slime (3/5) Lair:5
    Orc (2/2) D:9             Elf (0/3) Orc:2         Sewer (visited)
Ossuary (visited)

Altars:
Ashenzari
Cheibriados
Elyvilon
Gozag
Hepliaklqana
Makhleb
Nemelex Xobeh
Okawaru
Qazlal
Ru
Trog
Uskayaw
Vehumet
Wu Jian
Xom
Yredelemnul
Zin
The Shining One
Beogh

Shops:
D:8 (   D:9 *   D:10 [*   Orc:2 [(=*

Annotations:
D:5 3 runed translucent doors, exclusion: door, hawla's ghost, weakling DEDe
D:6 2 transporters, rebdls's ghost, novice MfIE
D:7 1 runed translucent door, exclusion: door
D:10 2 transporters, exclusion: 2 oklob plants, mumross's ghost, journeyman MiBe
Swamp:4 2 runed translucent doors, 1 exclusion, DemonSlayer's ghost, adept TeBe


Innate Abilities, Weirdness & Mutations

You are immune to sickness and miasma.
Your stone body is resilient. (AC +12)
You are immune to poison.
Your large and strong wings let you fly.
You resist negative energy. (rN+)
You are resistant to electric shocks. (rElec)
You are resistant to unholy torment.
You are immune to petrification.
Your body sometimes deteriorates upon taking damage.
Your magical capacity is low. (-10% MP)


Message History

Aiming: Iron Shot (dangerous; 1% risk of failure)
Press: ? - help, Shift-Dir - straight line, f - shining eye
Aim: a shining eye (100% to hit)
You feel a strong surge of power!
The iron shot hits the shining eye!!!
You kill the shining eye!
Vehumet accepts your kill.
You feel your power returning.
You hit the slime creature.
You shatter the slime creature!!
The slime creature is moderately wounded.
The slime creature hits you but does no damage.
You hit the slime creature.
You shatter the slime creature!
The slime creature is severely wounded.
The slime creature hits you but does no damage.
You hit the slime creature but do no damage.
You shatter the slime creature!
The slime creature is severely wounded.
You block the slime creature's attack.
You hit the slime creature but do no damage.
You shatter the slime creature!
You kill the slime creature!
Vehumet accepts your kill.
You feel your power returning.
You are no longer corroded.
Magic restored.
HP restored.
There is an escape hatch in the floor here.
Partly explored, can't reach some places.
Partly explored, can't reach some places.
You are splashed with acid!
You are splashed with acid!
You are splashed with acid!
There is an escape hatch in the floor here.
You are splashed with acid!
You are splashed with acid!!
You are splashed with acid!!
* * * LOW HITPOINT WARNING * * *
You are splashed with acid!!
* * * LOW HITPOINT WARNING * * *
You are splashed with acid!
You die...

##...............#
##.....>..>....##
##.............##.
#..................#
##..........#...#.##
##.#.......###.#.##
#..........###....#
##.....##..#.......#
#.#....#..@....#.##
#...##.###.#.#...##
##.# ### ##### ## ##


There were no monsters in sight!

Vanquished Creatures
  the Lernaean hydra (Swamp:4)
  A tentacled monstrosity (Swamp:3)
  Gastronok (Lair:1)
  10 acid blobs
  An azure jelly (Slime:3)
  A quicksilver ooze (Slime:1)
  3 bunyips
  A dire elephant (Lair:6)
  6 eleionomae
  2 shambling mangroves (Swamp:4)
  Fannar (Lair:1)
  A rakshasa (D:10)
  A catoblepas (Lair:6)
  16 hydras
  11 alligators
  A deep troll shaman (Lair:6)
  3 ghost crabs
  3 two-headed ogres
  Erica (D:9)
  Urug (Lair:1)
  An orc high priest (Orc:2)
  10 death yaks
  A fire crab (Lair:6)
  6 spriggans
  5 goliath frogs
  8 swamp dragons
  4 bog bodies
  2 spriggan druids
  3 lindwurms (Swamp:4)
  Pikel (D:9)
  5 orc knights
  5 shining eyes
  4 will-o-the-wisps
  3 orc sorcerers
  2 cyclopes (Orc:2)
  41 slime creatures
  Joseph (D:8)
  22 elephants
  3 black mambas
  An eye of devastation (Slime:2)
  9 cane toads
  A kobold demonologist (D:10)
  A rime drake (Lair:6)
  9 komodo dragons
  A troll (D:10)
  8 tyrant leeches
  4 bloated husks
  8 hornets
  13 blink frogs
  A polar bear (Lair:6)
  Sigmund (D:3)
  4 wyverns
  52 yaks
  A steam dragon (D:6)
  3 basilisks
  12 swamp worms
  4 wargs
  2 nagas (Lair:4)
  14 water moccasins
  A hornet zombie (D:5)
  7 swamp drakes
  25 orc warriors
  A sky beast (D:7)
  A necrophage (D:5)
  5 ogres
  5 black bears
  11 wolves
  6 centaurs
  A lemure (D:9)
  2 phantoms
  3 kobold brigands
  12 bullfrogs
  A wyvern zombie (Ossuary)
  Blork the orc (D:4)
  4 scorpions
  4 water moccasin zombies (Ossuary)
  A vampire bat (D:4)
  A howler monkey (D:7)
  2 electric eels (Lair:3)
  4 crimson imps (D:9)
  8 bullfrog zombies
  9 centaur zombies
  A gnoll shaman (D:4)
  3 hounds
  Crazy Yiuf (D:7)
  A centaur skeleton (D:5)
  11 orc priests
  2 iguanas (D:5)
  Terence (D:2)
  30 orc wizards
  2 hell rats (Lair:4)
  6 killer bee zombies
  11 mummies (Ossuary)
  Robin (D:4)
  6 adders
  9 gnolls
  8 river rats (Lair:4)
  A shadow imp (D:5)
  An adder skeleton (D:4)
  5 worms
  5 dart slugs
  3 fire bats (D:4)
  86 orcs
  2 spectral bats (D:4)
  23 bats
  3 bat skeletons (D:4)
  A bat zombie (D:4)
  8 endoplasms
  6 giant cockroaches
  15 goblins
  3 hobgoblins
  4 jackals (Sewer)
  16 kobolds
  2 quokkas
  4 ball pythons
  A bat simulacrum (D:4)
  A frilled lizard (D:3)
  5 rats
745 creatures vanquished.

Vanquished Creatures (collateral kills)
  An orc warlord (Orc:2)
  A manticore (D:10)
  A hound skeleton (D:4)
3 creatures vanquished.

Vanquished Creatures (others)
  A swamp worm (Swamp:1)
  17 foxfires
  67 fungi
  92 plants
  5 withered plants (Ossuary)
182 creatures vanquished.

Grand Total: 930 creatures vanquished

Notes
Turn   | Place    | Note
-------+----------+-------------------------------------------
     0 | D:1      | cummra the Gargoyle Earth Elementalist began the quest for
                  | the Orb.
     0 | D:1      | Reached XP level 1. HP: 10/10 MP: 3/3
   364 | D:1      | Reached XP level 2. HP: 13/15 MP: 5/5
   445 | D:1      | Found a faded altar of an unknown god.
   766 | D:2      | Noticed Terence
  1169 | D:2      | Reached XP level 3. HP: 13/19 MP: 2/6
  1755 | D:3      | Noticed a black bear
  1758 | D:2      | Identified a scroll of acquirement
  1758 | D:2      | Acquired an amulet of the acrobat
  1998 | D:3      | Found a glowing drain.
  2012 | Sewer    | Entered a sewer
  2198 | Sewer    | Reached XP level 4. HP: 24/24 MP: 5/8
  2662 | Sewer    | Reached skill level 5 in Earth Magic
  2909 | D:3      | Reached XP level 5. HP: 13/28 MP: 2/10
  3142 | D:3      | Learned a level 3 spell: Stone Arrow
  3179 | D:3      | Killed a black bear
  3180 | D:3      | Reached skill level 1 in Transmutations
  3180 | D:3      | Reached XP level 6. HP: 29/32 MP: 7/12
  3571 | D:3      | Noticed Sigmund
  3640 | D:2      | Killed Terence
  4116 | D:4      | Reached XP level 7. HP: 29/36 MP: 0/13
  4276 | D:4      | Found a sand-covered staircase.
  4323 | Ossuary  | Entered an ossuary
  4433 | Ossuary  | Reached skill level 5 in Spellcasting
  4595 | Ossuary  | Reached XP level 8. HP: 38/41 MP: 9/16
  5097 | Ossuary  | Identified the amulet of Makhleb's Envy {Reflect rF+ Int+2
                  | Slay+4 SH+5 Stlth+}
  5751 | D:4      | Noticed Robin
  5899 | D:4      | Killed Robin
  6570 | D:4      | Noticed Blork the orc
  6577 | D:4      | Killed Blork the orc
  6578 | D:4      | Reached skill level 1 in Armour
  6817 | D:4      | Reached skill level 1 in Fighting
  6817 | D:4      | Reached skill level 1 in Maces & Flails
  7054 | D:3      | Killed Sigmund
  7055 | D:3      | Reached XP level 9. HP: 48/48 MP: 11/18
  7304 | D:5      | Entered Level 5 of the Dungeon
  7304 | D:5      | Noticed hawla's ghost (weakling DEDe)
  7304 | D:5      | Found a runed translucent gate.
  7304 | D:5      | Found a runed translucent gate.
  7313 | D:5      | Found a runed translucent gate.
  7348 | D:5      | Found a staircase to the Ecumenical Temple.
  7354 | Temple   | Entered the Ecumenical Temple
  7453 | Temple   | Became a worshipper of Vehumet
  7978 | D:5      | Reached skill level 1 in Evocations
  8906 | D:6      | Found a sparkling altar of Nemelex Xobeh.
  9180 | D:6      | Reached * piety under Vehumet
  9180 | D:6      | Offered knowledge of Freeze by Vehumet.
  9746 | D:6      | Reached skill level 5 in Transmutations
  9772 | D:6      | Found a transporter.
  9772 | D:6      | Noticed rebdls's ghost (novice MfIE)
  9773 | D:6      | Found a transporter.
  9776 | D:6      | Noticed a two-headed ogre
 10149 | D:7      | Found a white marble altar of Elyvilon.
 10163 | D:7      | Reached XP level 10. HP: 56/56 MP: 8/20
 10286 | D:7      | Noticed a two-headed ogre
 10294 | D:7      | Killed a two-headed ogre
 10296 | D:7      | Found a hide-covered altar of Uskayaw.
 10494 | D:7      | Found a runed translucent door.
 10495 | D:7      | Noticed a sixfirhy
 10523 | D:7      | Reached ** piety under Vehumet
 10523 | D:7      | Offered knowledge of Poisonous Vapours by Vehumet.
 10612 | D:7      | Found a runed translucent door.
 10616 | D:7      | Noticed Crazy Yiuf
 10621 | D:7      | Killed Crazy Yiuf
 11290 | D:8      | Noticed Joseph
 11300 | D:8      | Killed Joseph
 11383 | D:8      | Found Vyaddep's Antique Weapon Boutique.
 11403 | D:8      | Noticed a two-headed ogre
 11410 | D:8      | Killed a two-headed ogre
 11625 | D:9      | Offered knowledge of Static Discharge by Vehumet.
 11990 | D:9      | Found a staircase to the Orcish Mines.
 12022 | D:9      | Reached *** piety under Vehumet
 12184 | D:9      | Noticed a two-headed ogre
 12189 | D:9      | Killed a two-headed ogre
 12190 | D:9      | Reached skill level 10 in Earth Magic
 12190 | D:9      | Reached XP level 11. HP: 62/62 MP: 13/22
 12323 | D:9      | Noticed Erica
 12346 | D:9      | Killed Erica
 12346 | D:9      | Offered knowledge of Inner Flame by Vehumet.
 12347 | D:9      | Reached skill level 5 in Fighting
 12375 | D:9      | Noticed Pikel
 12377 | D:9      | Found Necil's Changing Room.
 12380 | D:9      | Killed Pikel
 12381 | D:9      | Reached skill level 5 in Armour
 12831 | D:9      | Found a shimmering altar of Xom.
 12901 | D:10     | Entered Level 10 of the Dungeon
 12901 | D:10     | Noticed a two-headed ogre
 12905 | D:10     | Noticed an oklob plant
 12905 | D:10     | Noticed mumross's ghost (journeyman MiBe)
 12912 | D:10     | Reached skill level 5 in Maces & Flails
 12913 | D:10     | Noticed a cyclops
 12975 | D:10     | Found a staircase to the Lair.
 13006 | D:10     | Reached **** piety under Vehumet
 13097 | D:10     | Offered knowledge of Sticky Flame by Vehumet.
 13168 | D:10     | Found Bikluaw's Antique Armour Emporium.
 13227 | D:10     | Found a transporter.
 13232 | D:10     | Found a transporter.
 13247 | D:10     | Noticed an oklob plant
 13547 | D:10     | Noticed a manticore
 13558 | D:10     | Killed a manticore
 13778 | D:10     | Learned a level 4 spell: Sticky Flame
 13849 | D:10     | Found Cirr's Serpentskin Sales.
 13882 | D:10     | Noticed a rakshasa
 14169 | D:10     | Killed a rakshasa
 14170 | D:10     | Reached XP level 12. HP: 55/70 MP: 11/24
 14328 | Lair:1   | Entered Level 1 of the Lair of Beasts
 14366 | Lair:1   | Reached skill level 1 in Fire Magic
 14381 | Lair:1   | Reached skill level 5 in Evocations
 14428 | Lair:1   | Noticed Fannar
 14443 | Lair:1   | Killed Fannar
 14444 | Lair:1   | Reached skill level 5 in Dodging
 14645 | Lair:1   | Noticed Urug
 14659 | Lair:1   | Killed Urug
 14792 | Lair:1   | Noticed Gastronok
 14812 | Lair:1   | Killed Gastronok
 15109 | Lair:1   | Reached ***** piety under Vehumet
 15343 | Lair:1   | Found a radiant altar of Vehumet.
 16026 | Lair:2   | Offered knowledge of Lightning Bolt by Vehumet.
 16760 | Lair:2   | Reached XP level 13. HP: 76/76 MP: 19/25
 18424 | Lair:3   | Identified the +4 spear "Piulirph" {spect, rF+ Int+4 Dex-4}
 19553 | Lair:4   | Found a staircase to the Snake Pit.
 20183 | Lair:4   | Found a staircase to the Swamp.
 20423 | Lair:5   | Identified the +0 robe "Leoliemp" {rElec Will+ Archmagi}
 20508 | Lair:5   | Learned a level 3 spell: Conjure Flame
 21431 | Lair:5   | Found a staircase to the Slime Pits.
 21723 | Lair:6   | Entered Level 6 of the Lair of Beasts
 21797 | Lair:6   | Gained mutation: Your large and strong wings let you fly.
                  | [Gargoyle growth]
 21797 | Lair:6   | Reached XP level 14. HP: 61/84 MP: 15/27
 21986 | Lair:6   | Reached skill level 5 in Fire Magic
 22152 | Lair:6   | Offered knowledge of Bolt of Magma by Vehumet.
 22160 | Lair:6   | Learned a level 5 spell: Bolt of Magma
 22214 | Lair:6   | Identified the +7 mace of the Middle {vamp, Int+3}
 22805 | Lair:6   | Noticed a dire elephant
 22848 | Lair:6   | Killed a dire elephant
 24703 | D:10     | Bought a masterwork helmet for 332 gold pieces
 24703 | D:10     | Identified the +1 helmet of Good Intentions {Harm Rampage
                  | Regen+ Stlth+} (You bought it in a shop on level 10 of the
                  | Dungeon)
 24746 | Orc:1    | Entered Level 1 of the Orcish Mines
 24831 | Orc:2    | Entered Level 2 of the Orcish Mines
 25011 | Orc:2    | Found a staircase to the Elven Halls.
 25036 | Orc:2    | Paralysed by an orc sorcerer for 7 turns
 25771 | Orc:2    | Paralysed by an orc sorcerer for 2 turns
 25799 | Orc:2    | Offered knowledge of Iron Shot by Vehumet.
 25807 | Orc:2    | Learned a level 6 spell: Iron Shot
 25884 | Orc:2    | Noticed an orc warlord
 25912 | Orc:2    | Killed an orc warlord
 26113 | Orc:2    | Reached XP level 15. HP: 79/90 MP: 17/28
 26121 | Orc:2    | Found Vaqialib's Jewellery Emporium.
 26126 | Orc:2    | Found Zunep's General Store.
 26637 | Orc:2    | Found Pijiahoo's Antique Armour Emporium.
 26652 | Orc:2    | Found Tielifil's Antique Weapon Emporium.
 27482 | Orc:1    | Reached skill level 5 in Conjurations
 27745 | D:9      | Acquired a staff of earth
 27746 | D:9      | Acquired 775 gold pieces
 27901 | Swamp:1  | Entered Level 1 of the Swamp
 28261 | Swamp:1  | HP: 4/90 [bunyip (21)]
 29124 | Swamp:1  | Identified the +4 dire flail of Moderation {drain, rF+
                  | Int+4 Dex+3}
 29465 | Swamp:1  | Found a hazy altar of Hepliaklqana.
 30752 | Swamp:2  | Reached skill level 10 in Conjurations
 31131 | Swamp:2  | HP: 1/90 [acid (11)]
 32379 | Swamp:3  | Offered knowledge of Lee's Rapid Deconstruction by Vehumet.
 32684 | Swamp:3  | Learned a level 5 spell: Lee's Rapid Deconstruction
 32805 | Swamp:4  | Entered Level 4 of the Swamp
 32911 | Swamp:4  | Reached XP level 16. HP: 96/96 MP: 19/29
 33059 | Swamp:4  | Reached skill level 10 in Spellcasting
 33338 | Swamp:4  | Noticed the 27-headed Lernaean hydra
 33889 | Swamp:4  | Noticed a tentacled monstrosity
 33918 | Swamp:3  | Killed a tentacled monstrosity
 34460 | Swamp:4  | Killed the 27-headed Lernaean hydra
 34809 | Swamp:4  | Found a large runed translucent door.
 34809 | Swamp:4  | Found a large runed translucent door.
 34810 | Swamp:4  | Noticed DemonSlayer's ghost (adept TeBe)
 34968 | Swamp:4  | Got a decaying rune of Zot
 35479 | Slime:1  | Entered Level 1 of the Pits of Slime
 35479 | Slime:1  | Noticed an acid blob
 35481 | Slime:1  | Killed an acid blob
 35638 | Slime:1  | Noticed an acid blob
 35644 | Slime:1  | Killed an acid blob
 35646 | Slime:1  | Noticed an acid blob
 35650 | Slime:1  | Killed an acid blob
 36107 | Slime:1  | Noticed an acid blob
 36115 | Slime:1  | Noticed an acid blob
 36120 | Slime:1  | Noticed an acid blob
 36121 | Slime:1  | Killed an acid blob
 36126 | Slime:1  | Killed an acid blob
 36204 | Slime:1  | Killed an acid blob
 36205 | Slime:1  | Reached skill level 10 in Fighting
 36205 | Slime:1  | Reached skill level 10 in Armour
 36205 | Slime:1  | Reached XP level 17. HP: 45/102 MP: 17/31
 36505 | Slime:1  | Gained mutation: Your body sometimes deteriorates upon
                  | taking damage. [a shining eye]
 37104 | Slime:2  | Noticed an acid blob
 37108 | Slime:2  | Killed an acid blob
 37253 | Slime:3  | Noticed an acid blob
 37256 | Slime:3  | Killed an acid blob
 37396 | Slime:3  | Gained mutation: Your magical capacity is low. (-10% MP) [a
                  | shining eye]
 37801 | Slime:1  | Noticed an acid blob
 37812 | Slime:1  | Killed an acid blob
 37813 | Slime:1  | Noticed an acid blob
 37817 | Slime:1  | Killed an acid blob
 37934 | Slime:1  | HP: 3/102 [acid (19)]
 37935 | Slime:1  | Splashed with acid

Illustrated notes

Levels and vault maps discovered:
D:1:      minmay_arrival_cross, layout_loops_ring,
          dreamdust_ecumenical_altar_statues
D:2:      layout_rooms, uniq_terence
D:3:      cheibrodos_old_hovel, layout_basic, cheibrodos_sewer_entry_bend,
          uniq_sigmund
D:4:      layout_loops_corners, enter_ossuary_3, goddamned_bats,
          uniq_blork_the_orc, uniq_robin
D:5:      kb_forest_paths, layout_basic, minmay_temple_entry_gardened_gates,
          gammafunk_ghost_split
D:6:      layout_basic, mainiacjoe_overflow_chevrons, gammafunk_ghost_smash
D:7:      cheibrodos_shockbox, layout_rooms, eat_drink_and_be_merry_uskayaw,
          elyvilon_altar_1, uniq_crazy_yiuf_cottage
D:8:      layout_basic, serial_shops, kennysheep_little_box, dk_noncrumbling_4,
          uniq_joseph
D:9:      layout_loops_ring, led_xom_imps, hiddenorc2_lemuel,
          minmay_crystal_room, nicolae_transmutations_shop, uniq_erica,
          uniq_pikel
D:10:     layout_roguey, due_lair_maze_entry_diamond, nzn_ghost_randoct,
          serial_shops, shop, guppyfry_shop_venom
Temple:   hc_temple_tempest_star
Lair:1:   layout_layer_cave, basic_altar, nicolae_quartered_pool_super,
          uniq_urug, uniq_fannar, uniq_gastronok
Lair:2:   layout_cellular_growth, st_stairs_3, serial_bayou_shore_b,
          grunt_megastairs_2
Lair:3:   layout_layer_cave, serial_bayou_lagoon_b
Lair:4:   layout_regular_city, palyth_hydra_swamp_entry,
          guppyfry_snake_entry_garden, kennysheep_rathole
Lair:5:   layout_gridlike, dpeg_slime_entry_corner, serial_bayou_pond_a,
          lemuel_another_geyser
Lair:6:   grunt_lair_end_beastmaster, layout_regular_city
Swamp:1:  layout_basic_swamp, nicolae_swamp_godswood
Swamp:2:  layout_falls_marsh, nicolae_swamp_well_well_well,
          infiniplex_staircase_pool
Swamp:3:  layout_basic_swamp, evilmike_swamp_ruin_house_3
Swamp:4:  swamp_alternative, layout_basic_swamp, ebering_ghost_disaster_area,
          infiniplex_staircase_pool_2
Slime:1:  layout_caves, nicolae_slime_phagocytosis
Slime:2:  layout_caves
Slime:3:  layout_caves
Orc:1:    layout_diamond_mine
Orc:2:    grunt_orc_cross, layout_diamond_mine, basic_altar

Skill      XL: |  1  2  3  4  5  6  7  8  9 10 11 12 13 14 15 16 17 |
---------------+----------------------------------------------------+-----
Earth Magic    | 4 5 6 7 8 9 10 11 12 13 | 13.5
Spellcasting   | 3 4 5 6 7 8 9 10 | 10.7
Transmutations | 1 2 3 4 5 6 7 8 |  8.3
Armour         | 1 3 4 5 7 8 9 10 | 10.2
Fighting       | 1 3 4 6 7 8 9 10 | 10.2
Maces & Flails | 1 3 4 5 6 7 8 9 |  9.5
Dodging        | 2 3 4 5 6 7 8 |  8.0
Evocations     | 2 3 4 5 6 7 8 |  8.7
Fire Magic     | 3 4 6 7 |  7.7
Conjurations   | 3 12 13 | 13.0
Stealth        | |  2.1

Action                   |  1- 3 |  4- 6 |  7- 9 | 10-12 | 13-15 | 16-18 || total
-------------------------+-------+-------+-------+-------+-------+-------++-------
Melee: Unarmed           |    10 |       |       |       |       |       ||    10
       Club              |    15 |       |       |       |       |       ||    15
       Whip              |    41 |    70 |   220 |       |       |       ||   331
       Dire flail        |       |       |    35 |    60 |       |       ||    95
       Eveningstar       |       |       |       |    35 |   158 |       ||   193
       Mace              |       |       |       |       |   109 |       ||   109
       Staff             |       |       |       |       |     8 |    19 ||    27
 Cast: Sandblast         |    40 |    69 |    60 |   227 |   226 |   112 ||   734
       Stone Arrow       |       |     2 |   112 |   136 |   318 |    15 ||   583
       Sticky Flame      |       |       |       |     4 |    36 |       ||    40
       Conjure Flame     |       |       |       |       |     2 |       ||     2
       Bolt of Magma     |       |       |       |       |    19 |     8 ||    27
       Iron Shot         |       |       |       |       |    66 |   112 ||   178
Evoke: Wand              |       |       |       |     1 |    37 |     7 ||    45
  Use: Scroll            |     4 |     7 |     5 |     9 |    11 |     1 ||    37
       Potion            |       |     1 |     1 |     1 |     8 |     1 ||    12
 Stab: Sleeping          |     2 |     1 |     1 |       |     1 |       ||     5
       Petrified         |       |       |       |       |     9 |       ||     9
       Petrifying        |       |       |       |       |     2 |       ||     2
Armor: Robe              |    43 |    82 |   229 |    75 |   307 |   124 ||   860
Dodge: Dodged            |    64 |   103 |   256 |   134 |   345 |    87 ||   989
Block: Other             |       |       |     7 |    52 |   124 |    35 ||   218
       Reflection        |       |       |     1 |     5 |     4 |     1 ||    11
